 Dungeon Crawl Stone Soup version 0.24-a0-479-g9a978d2894 (webtiles) character file.

Game seed: 14749444564839262975

1340 Gynju the Magician (level 8, -2/57 HPs)
             Began as a Purple Draconian Conjurer on July 8, 2019.
             Shot with a sling bullet by Joseph (9 damage)
             ... on level 7 of the Dungeon.
             The game lasted 00:24:44 (8887 turns).

Gynju the Magician (Purple Draconian Conjurer)      Turns: 8887, Time: 00:24:44

Health: -2/57      AC:  6    Str: 14    XL:     8   Next: 35%
Magic:  1/18       EV: 14    Int: 16    God:
Gold:   249        SH:  5    Dex: 12    Spells: 16/21 levels left

rFire    . . .     SeeInvis .   b - +4 hunting sling
rCold    + . .     Gourm    .   i - +0 buckler
rNeg     . . .     Faith    .   (armour unavailable)
rPois    .         Spirit   .   y - +0 hat
rElec    .         Reflect  .   (no cloak)
rCorr    .         Harm     +   (no gloves)
MR       +....                  (no boots)
Stlth    ++........             e - amulet of harm
HPRegen  0.19/turn              d - +2 ring of strength
MPRegen  0.16/turn              G - ring of protection from cold

@: very slightly contaminated
A: breathe power, unfitting armour, cold-blooded, AC +6
a: Breathe Dispelling Energy


You were on level 7 of the Dungeon.
You were hungry.

You visited 1 branch of the dungeon, and saw 7 of its levels.
You also visited: Ossuary.

You collected 249 gold pieces.

Inventory:

Hand Weapons
 a - a +0 dagger of venom
 b - a +4 hunting sling (weapon)
 f - a +0 dagger of protection
 A - a cursed -2 falchion
Missiles
 s - 93 sling bullets (quivered)
 t - 92 stones
Armour
 i - a +0 buckler (worn)
 y - a +0 hat (worn)
Jewellery
 d - a +2 ring of strength (left hand)
 e - an amulet of harm (around neck)
 G - a ring of protection from cold (right hand)
Wands
 u - a wand of flame (12)
 w - a wand of acid (2)
Scrolls
 k - 8 scrolls of remove curse
 m - a scroll of amnesia
 n - 2 scrolls of enchant weapon
 v - 3 scrolls of fog
 x - a scroll of teleportation
 z - a scroll of enchant armour {unknown}
 B - a scroll of identify
 C - 2 scrolls of immolation {unknown}
 E - a scroll of torment {unknown}
 F - a scroll of noise {unknown}
Potions
 c - 3 potions of flight
 g - 2 potions of might
 h - 2 potions of resistance
 j - a potion of lignification {unknown}
 l - 2 potions of curing
 o - 2 potions of agility
 p - a potion of mutation {unknown}
 q - 3 potions of degeneration
Comestibles
 r - 10 rations


   Skills:
 + Level 4.3 Dodging
 - Level 1.7 Stealth
 - Level 4.0 Shields
 + Level 7.2 Spellcasting
 + Level 6.7 Conjurations


You had 16 spell levels left.
You knew the following spells:

 Your Spells              Type           Power        Failure   Level  Hunger
a - Magic Dart            Conj           ####         1%          1    None
b - Iskenderun's Mystic   Conj           ####....     8%          4    ####...

Your spell library contained the following spells:

 Spells                   Type           Power        Failure   Level  Hunger
 Searing Ray              Conj           ####..       1%          2    None
 Dazzling Spray           Conj/Hex       ###...       9%          3    ##.....
 Force Lance              Conj/Tloc      ###.....     30%         4    ####...
 Fulminant Prism          Conj/Hex       ###.......   30%         4    ####...


Dungeon Overview and Level Annotations

Branches:
Dungeon (7/15)
 Temple: D:4-7

Altars:
Ashenzari
Cheibriados
Fedhas
Kikubaaqudgha
Makhleb
Uskayaw
Wu Jian
Yredelemnul

Shops:
D:6 ?

Annotations:
D:2 2 transporters, Menkaure
D:3 exclusion: ogre, Grinder, Sigmund
D:7 Joseph


Innate Abilities, Weirdness & Mutations

You can breathe bolts of dispelling energy.
Your rich purple scales are hard. (AC +6)
You cannot fit into any form of body armour.
You are cold-blooded and may be slowed by cold attacks.


Message History

Aim: Joseph, wielding a -1 hunting sling and wearing a cursed -2 ring mail (severely wounded)
You shoot a sling bullet. The sling bullet closely misses Joseph.
Joseph shoots a sling bullet.
The sling bullet hits you!!
A sky beast comes into view.
You are too injured to fight recklessly!
You are too injured to fight recklessly!
You are too injured to fight recklessly!
Firing (i - inventory. (/) - cycle)
s - 95 sling bullets (quivered)
Press: ? - help, Shift-Dir - straight line, f/p - Joseph
Aim: Joseph, wielding a -1 hunting sling and wearing a cursed -2 ring mail (severely wounded)
You shoot a sling bullet. The sling bullet closely misses Joseph.
Joseph shoots a sling bullet.
The sling bullet hits you!
* * * LOW HITPOINT WARNING * * *
Firing (i - inventory. (/) - cycle)
s - 94 sling bullets (quivered)
Press: ? - help, Shift-Dir - straight line, f/p - Joseph
Aim: Joseph, wielding a -1 hunting sling and wearing a cursed -2 ring mail (severely wounded)
You shoot a sling bullet. The sling bullet hits Joseph!
Joseph is almost dead.
Joseph shoots a sling bullet.
The sling bullet hits you!
You die...

@# .. ... ..# $.[
.. ... #.. #. #.#
##..##.#######.####
........$.........#
..................#
........(.........#
....^.%.@.........#
##..##.##..###...##
####..###...#
#...........#
#...........#
#...........#
#.......@Y..#
#.......(...##
#..............


You could see Joseph and a sky beast.

Vanquished Creatures
  An orc warrior (D:6)
  An ogre (D:5)
  2 centaurs
  A bullfrog (D:6)
  A howler monkey (D:5)
  2 crimson imps (D:5)
  2 hounds (D:5)
  An orc priest (D:3)
  A bullfrog skeleton (D:5)
  A jelly (D:6)
  An orc wizard (D:6)
  2 iguanas
  6 worker ants
  A hound skeleton (D:6)
  12 mummies (Ossuary)
  A howler monkey zombie (D:7)
  3 gnolls (D:4)
  A howler monkey skeleton (D:5)
  9 adders
  2 oozes
  2 adder skeletons (D:4)
  5 worms
  4 dart slugs
  5 leopard geckos
  16 orcs
  5 bats
  A giant cockroach (D:4)
  8 goblins
  5 hobgoblins
  4 jackals (D:5)
  6 quokkas
  6 frilled lizards
  2 gnoll skeletons (Ossuary)
  2 goblin skeletons (Ossuary)
  A jackal zombie (D:5)
  7 kobolds
  A kobold skeleton (Ossuary)
  3 orc skeletons (Ossuary)
  7 rats
  11 rat skeletons (Ossuary)
152 creatures vanquished.

Notes
Turn   | Place    | Note
-------+----------+-------------------------------------------
     0 | D:1      | Gynju the Draconian Conjurer began the quest for the Orb.
     0 | D:1      | Reached XP level 1. HP: 14/14 MP: 3/3
   154 | D:1      | Reached XP level 2. HP: 20/20 MP: 1/5
  1036 | D:2      | Reached XP level 3. HP: 26/26 MP: 0/6
  1098 | D:2      | Found a snail-covered altar of Cheibriados.
  1130 | D:2      | Reached skill level 1 in Shields
  1837 | D:2      | Reached XP level 4. HP: 14/33 MP: 1/8
  2030 | D:2      | Learned a level 4 spell: Iskenderun's Mystic Blast
  2092 | D:2      | Found a transporter.
  2352 | D:2      | Found a transporter.
  2352 | D:2      | Found a basalt altar of Yredelemnul.
  2355 | D:2      | Noticed Menkaure
  2363 | D:2      | Found an ancient bone altar of Kikubaaqudgha.
  2515 | D:3      | Noticed an ogre
  2562 | D:3      | Reached skill level 3 in Spellcasting
  2920 | D:3      | Found an ornate altar of the Wu Jian Council.
  3125 | D:3      | Reached XP level 5. HP: 38/38 MP: 7/9
  3228 | D:3      | Found a burning altar of Makhleb.
  3228 | D:3      | Noticed a green death
  3232 | D:3      | Noticed a hellwing
  3232 | D:3      | Noticed a smoke demon
  3255 | D:3      | Noticed Grinder
  3285 | D:3      | Noticed Sigmund
  3394 | D:4      | Found a blossoming altar of Fedhas.
  3581 | D:4      | Reached skill level 5 in Conjurations
  3968 | D:4      | Found a sand-covered staircase.
  3977 | Ossuary  | Entered an ossuary
  4258 | Ossuary  | Reached XP level 6. HP: 45/45 MP: 2/11
  4856 | Ossuary  | Reached skill level 4 in Spellcasting
  5961 | D:5      | Entered Level 5 of the Dungeon
  6055 | D:5      | Your scales start taking on a rich purple colour.
  6055 | D:5      | Reached skill level 5 in Spellcasting
  6055 | D:5      | Reached XP level 7. HP: 49/50 MP: 3/15
  6430 | D:5      | Reached skill level 6 in Spellcasting
  6680 | D:5      | Found a hide-covered altar of Uskayaw.
  7054 | D:5      | Found a shattered altar of Ashenzari.
  7122 | D:5      | Found a blossoming altar of Fedhas.
  7307 | D:6      | Found Ovietohuov's Magic Scroll Shoppe.
  7958 | D:6      | Reached XP level 8. HP: 57/57 MP: 13/17
  8326 | D:6      | Reached skill level 7 in Spellcasting
  8856 | D:7      | Noticed Joseph
  8887 | D:7      | Shot with a sling bullet by Joseph

Levels and vault maps discovered:
D:1:      lemuel_arrival_cross, layout_basic, grunt_decor_resistance
D:2:      layout_loops_ring, gammafunk_temple_of_torment, kennysheep_slug_shrine
D:3:      layout_rooms, makhleb_altar_promises_db, old_standard_altar,
          old_standard_altar, first_ration, uniq_sigmund, uniq_grinder
D:4:      layout_basic, nicolae_ossuary_entry_ruins, minmay_misc_feat_diagonals,
          fedhas_altar_2
D:5:      layout_loops_ring, eat_drink_and_be_merry_uskayaw,
          lemuel_crystal_altar, cheibrodos_ashenzari_chains
D:6:      layout_basic, serial_shops, nicolae_shop_statue_plus
D:7:      layout_gridville, lemuel_doored_altar, grunt_temple_overflow_open,
          minmay_temple_entry_mini_moons, uniq_joseph

Skill      XL: |  1  2  3  4  5  6  7  8 |
---------------+-------------------------+-----
Shields        | 1 2 3 4 |  4.0
Spellcasting   | 3 5 6 7 |  7.2
Conjurations   | 5 6 |  6.7
Dodging        | 2 3 4 |  4.3
Stealth        | |  1.7

Action                   |  1- 3 |  4- 6 |  7- 9 || total
-------------------------+-------+-------+-------++-------
Melee: Unarmed           |     3 |       |       ||     3
       Club              |     2 |       |       ||     2
       Tailslap          |     5 |     4 |     2 ||    11
       Dagger            |    37 |    32 |    24 ||    93
 Fire: Hunting sling     |       |    12 |    16 ||    28
 Cast: Magic Dart        |    83 |   225 |   145 ||   453
       Iskenderun's Myst |       |       |    18 ||    18
  Use: Scroll            |       |    14 |       ||    14
  Eat: Chunk             |     4 |     9 |    11 ||    24
       Ration            |       |     1 |       ||     1
Armor: Skin              |    18 |    15 |    14 ||    47
Dodge: Dodged            |    17 |    39 |    41 ||    97
Block: Buckler           |     8 |    16 |    10 ||    34

Table legend:
 A = Non-vault XP
 B = Vault XP
 C = Vault XP percentage of total XP
 D = Non-vault monster count
 E = Vault monster count
 F = Vault count percentage of total count
                 A         B        C        D         E       F
            +---------+---------+-------+---------+---------+-------
      Total |    1673 |     242 |  12.6 |     120 |      32 |  21.1
            +---------+---------+-------+---------+---------+-------
        D:1 |      25 |       0 |   0.0 |      14 |       0 |   0.0
        D:2 |      89 |       4 |   4.3 |      25 |       1 |   3.8
        D:3 |      85 |       0 |   0.0 |      18 |       0 |   0.0
        D:4 |     174 |       0 |   0.0 |      14 |       0 |   0.0
        D:5 |     718 |       0 |   0.0 |      24 |       0 |   0.0
        D:6 |     454 |       0 |   0.0 |      22 |       0 |   0.0
        D:7 |     128 |       0 |   0.0 |       3 |       0 |   0.0
    Ossuary |       0 |     238 | 100.0 |       0 |      31 | 100.0
            +---------+---------+-------+---------+---------+-------
